 Dungeon Crawl Stone Soup version 0.17.0-7-gfadd4cc (webtiles) character file.

80 George the Slasher (level 4, -5/35 HPs)
             Began as a Demonspawn Fighter on Nov 8, 2015.
             Killed by nerve-wracking pain
             ... invoked by Jessica
              (12 damage)
             ... on level 2 of the Dungeon.
             The game lasted 00:02:24 (1693 turns).

George the Slasher (Demonspawn Fighter)             Turns: 1693, Time: 00:02:24

Health: -5/35      AC: 10    Str: 17    XL:     4   Next: 18%
Magic:  4/4        EV:  4    Int: 15    God:
Gold:   45         SH:  8    Dex: 12    Spells: 0 memorised, 3 levels left

rFire  . . .     SeeInvis .     a - +0 long sword
rCold  + . .     Clarity  .     l - +0 chain mail
rNeg   . . .     SustAt   .     c - +0 shield
rPois  .         Gourm    .     (no helmet)
rElec  .         Spirit   .     (no cloak)
rCorr  .         Warding  .     (no gloves)
rMut   .         Stasis   .     (no boots)
MR     .....                    (no amulet)
Stlth  ..........               (no ring)
                                o - +5 ring of intelligence

@: not resistant to hostile enchantments, extremely unstealthy
A: yellow scales 1, cold resistance 1, freezing cloud immunity
a: no special abilities


You were on level 2 of the Dungeon.
You were not hungry.

You visited 1 branch of the dungeon, and saw 2 of its levels.

You collected 45 gold pieces.

Inventory:

Hand Weapons
 a - a +0 long sword (weapon)
Armour
 c - a +0 shield (worn)
 l - a +0 chain mail (worn)
Jewellery
 o - a +5 ring of intelligence (left hand)
Scrolls
 h - 2 scrolls of teleportation {unknown}
 j - a scroll of random uselessness {unknown}
 k - a scroll of recharging {unknown}
 q - a scroll of immolation {unknown}
 s - a scroll of remove curse {unknown}
 u - a scroll of enchant weapon {unknown}
Potions
 d - a potion of might
 f - 3 potions of resistance {unknown}
 g - a potion of heal wounds {unknown}
 i - 2 potions of curing {unknown}
 r - 2 potions of cure mutation {unknown}
 t - a potion of agility {unknown}
Comestibles
 e - 2 bread rations
 m - 3 fruits
 n - a slice of pizza


   Skills:
 - Level 3.0 Fighting
 + Level 4.1 Long Blades
 - Level 2.6 Armour
 - Level 2.6 Shields


You had 3 spell levels left.
You didn't know any spells.

Dungeon Overview and Level Annotations

Branches:
Dungeon (2/15)

Altars:
Okawaru

Annotations:
D:2 Jessica


Innate Abilities, Weirdness & Mutations

You are partially covered in yellow scales (AC +2).
Your flesh is cold resistant.
You are immune to freezing clouds.


Message History

Pain shoots through your body!
* * * LOW HITPOINT WARNING * * *
You hit Jessica.
Jessica is almost dead.
Jessica hits you but does no damage.
Jessica mumbles some strange words.
Jessica blinks!
You block Jessica's attack.
You hit Jessica but do no damage.
Jessica is almost dead.
You block Jessica's attack.
You closely miss Jessica.
Jessica is almost dead.
You block Jessica's attack. Jessica hits you but does no damage.
You closely miss Jessica.
Jessica is almost dead.
You block Jessica's attack. Jessica casts a spell at you.
Pain shoots through your body!
You die...

##.# #.# ### #.#
..# #+# #.# #.# #
#.# #.# #.#.# #.#
#.# ##.#. ##.##
##.# ...
####...### ...#
#@# #........####
#### #@#
#.##.[.#....##
#.###.#.......#...
#...............#
#####.#........##
#.##...#.###
#.###.##.#
#.###†##.#
#........#
#####.####


You could see Jessica.

Vanquished Creatures
  2 adders (D:2)
  A gnoll (D:1)
  3 worms (D:2)
  7 bats
  2 hobgoblins (D:1)
  6 jackals
  8 kobolds
  A quokka (D:2)
  A giant cockroach (D:2)
  A giant gecko (D:1)
  2 giant newts (D:1)
  5 goblins
  8 rats
47 creatures vanquished.

Notes
Turn   | Place    | Note
--------------------------------------------------------------
     0 | D:1      | George the Demonspawn Fighter began the quest for the Orb.
     0 | D:1      | Reached XP level 1. HP: 18/18 MP: 1/1
   149 | D:1      | Gained mutation: You are partially covered in yellow scales (AC +2). [demonic ancestry]
   149 | D:1      | Reached XP level 2. HP: 16/24 MP: 2/2
   240 | D:1      | HP: 1/24 [gnoll/halberd (7)]
   733 | D:1      | Gained mutation: Your flesh is cold resistant. [demonic ancestry]
   733 | D:1      | Reached XP level 3. HP: 29/29 MP: 3/3
  1176 | D:2      | Found an iron altar of Okawaru.
  1539 | D:2      | Gained mutation: You are immune to freezing clouds. [demonic ancestry]
  1539 | D:2      | Reached XP level 4. HP: 35/35 MP: 4/4
  1653 | D:2      | Reached skill level 4 in Long Blades
  1675 | D:2      | Noticed Jessica
  1693 | D:2      | Killed from afar by Jessica

Action                   |  1- 3 |  4- 6 || total
-------------------------+-------+-------++-------
Melee: Long sword        |   184 |    27 ||   211
  Eat: Chunk             |     2 |     1 ||     3
